 Dungeon Crawl Stone Soup version 0.31-a0-538-gbc85326fa9 (webtiles) character file.

Game seed: 6416642507157905382

101 sampeng1 the Shield-Bearer (level 5, -2/42 HPs)
             Began as a Human Fighter on Aug 13, 2023.
             Slain by Grinder (6 damage)
             ... on level 3 of the Dungeon.
             The game lasted 00:06:09 (2200 turns).

sampeng1 the Shield-Bearer (Human Fighter)          Turns: 2200, Time: 00:06:09

Health: -2/42      AC:  9    Str: 17 (18) XL:     5   Next: 4%
Magic:  5/5        EV:  9    Int:  7 (8)  God:
Gold:   152        SH:  4    Dex: 11 (13) Spells: 4/4 levels left

rFire   . . .        a - +0 war axe
rCold   . . .        c - +0 buckler
rNeg    . . .        b - +0 scale mail
rPois   .            (no helmet)
rElec   .            h - +0 cloak
rCorr   .            (no gloves)
SInv    .            g - +0 pair of boots
Will    .....        (no amulet) Stlth
                     (no ring)
HPRegen 0.27/turn    (no ring)
MPRegen 0.09/turn

%: no passive effects
@: no status effects
A: screaming 1, MP-powered wands
a: no special abilities


You were on level 3 of the Dungeon.
You visited 1 branch of the dungeon, and saw 3 of its levels.

You collected 152 gold pieces.

Inventory:

Hand Weapons
 a - a +0 war axe (weapon)
 j - the +8 rapier "Vubrum" {heavy, rF+ rC- Will++ Int-5}
   (You found it on level 3 of the Dungeon)

   Int-5:     It affects your intelligence (-5).
   rF+:       It protects you from fire.
   rC-:       It makes you vulnerable to cold.
   Will++:    It greatly increases your willpower.
Armour
 b - a +0 scale mail (worn)
 c - a +0 buckler (worn)
 g - a +0 pair of boots (worn)
 h - a +0 cloak (worn)
Jewellery
 f - a ring of ice
Scrolls
 i - a scroll of poison {unknown}
Potions
 d - a potion of might
 e - a potion of lignification


   Skills:
 + Level 3.6 Fighting
 + Level 3.0 Axes
 + Level 3.6 Armour
 + Level 3.7 Shields


You had 4 spell levels left.
You didn't know any spells.
Your spell library contained the following spells:

 Spells                   Type           Power      Damage    Failure   Level
 Lesser Beckoning         Tloc           0%         N/A       96%         2
 Gell's Gravitas          Tloc           0%         N/A       99%         3
 Hailstorm                Conj/Ice       0%         3d3       99%         3
 Teleport Other           Tloc           0%         N/A       99%         3
 Summon Ice Beast         Ice/Summ       0%         N/A       100%        4
 Simulacrum               Ice/Necr       0%         N/A       100%        6


Dungeon Overview and Level Annotations

Branches:
Dungeon (3/15)

Altars:

Annotations:
D:3 Grinder


Innate Abilities, Weirdness & Mutations

You occasionally shout uncontrollably at your foes.
You expend magic power (3 MP) to strengthen your wands.


Message History

Grinder hits you but does no damage. x3
You can move again.
You hit Grinder but do no damage.
Grinder is lightly wounded.
Grinder gestures at you. You resist with significant effort.
You barely miss Grinder.
Grinder is lightly wounded.
Grinder hits you but does no damage.
You hit Grinder.
Grinder is lightly wounded.
Grinder hits you but does no damage. Grinder hits you.
You writhe in agony.
You hit Grinder.
Grinder is moderately wounded.
Grinder hits you but does no damage.
You hit Grinder.
Grinder is moderately wounded.
Grinder hits you but does no damage. x2
You closely miss Grinder.
Grinder is moderately wounded.
Grinder hits you.
You writhe in agony.
You hit Grinder.
Grinder is heavily wounded.
Grinder hits you.
You hit Grinder.
Grinder is heavily wounded.
Grinder blinks!
Found a robe.
You hit Grinder.
Grinder is severely wounded.
Grinder barely misses you.
You hit Grinder.
Grinder is severely wounded.
Grinder gestures at you. Pain shoots through your body!
* * * LOW HITPOINT WARNING * * *
You slash Grinder!
Grinder is almost dead.
Grinder hits you.
You die...

############[.#
........5.....#
#.@# #..# #..#
#..##### #
####^.....# .##
#.......#.#...##
#.##.##.........
# #. #.......##
#.##.##.###..##


You could see Grinder.

Vanquished Creatures
  3 gnolls (D:2)
  3 adders
  A worm (D:2)
  3 bats
  9 endoplasms
  A giant cockroach (D:1)
  8 goblins
  A quokka (D:2)
  4 ball pythons
  3 frilled lizards
  5 kobolds
  2 rats (D:2)
43 creatures vanquished.

Notes
Turn   | Place    | Note
-------+----------+-------------------------------------------
     0 | D:1      | sampeng1 the Human Fighter began the quest for the Orb.
     0 | D:1      | Reached XP level 1. HP: 18/18 MP: 1/1
   225 | D:1      | Reached XP level 2. HP: 22/24 MP: 2/2
   924 | D:2      | Reached XP level 3. HP: 25/29 MP: 3/3
  1241 | D:2      | Reached XP level 4. HP: 35/35 MP: 4/4
  2056 | D:2      | Gained mutation: You expend magic power (3 MP) to
                  | strengthen your wands. [potion of mutation]
  2056 | D:2      | Gained mutation: You occasionally shout uncontrollably at
                  | your foes. [potion of mutation]
  2104 | D:3      | Reached XP level 5. HP: 42/42 MP: 5/5
  2114 | D:3      | Identified the +8 rapier "Vubrum" {heavy, rF+ rC- Will++
                  | Int-5}
  2177 | D:3      | Noticed Grinder
  2178 | D:3      | Paralysed by Grinder for 2 turns
  2185 | D:3      | Paralysed by Grinder for 4 turns
  2200 | D:3      | Slain by Grinder

Illustrated notes

Levels and vault maps discovered:
D:1:      mrwooster_arrival_statue, layout_loops_corners
D:2:      layout_basic, hangedman_decor_points, moated_statue
D:3:      layout_loops_ring, serial_shops, shop, minmay_shallow_snake_nest,
          uniq_grinder

Skill      XL: |  1  2  3  4  5 |
---------------+----------------+-----
Axes           | 3 |  3.0
Fighting       | |  3.6
Armour         | |  3.6
Shields        | |  3.7

Action                     |  1- 3 |  4- 6 || total
---------------------------+-------+-------++-------
  Melee: War axe           |    74 |    74 ||   148
    Use: Potion            |       |     4 ||     4
         Scroll            |       |     3 ||     3
 Armour: Scale mail        |    42 |    35 ||    77
  Dodge: Dodged            |    32 |    27 ||    59
  Block: Buckler           |    17 |    15 ||    32

Table legend: (Time is in decaauts)
 A = Elapsed time spent in this place.
 B = Non-inter-level travel time spent in this place.
 C = Inter-level travel time spent in this place.
 D = Time resting spent in this place.
 E = Time spent auto-exploring this place.
 F = Levels seen in this place.
 G = Mean time per level.
                   A        B        C        D        E       F      G
               +--------+--------+--------+--------+--------+-----+--------+
         Total |   2261 |   2154 |    107 |      0 |   1657 |   3 |  753.7 |
       Dungeon |   2261 |   2154 |    107 |      0 |   1657 |   3 |  753.7 |
               +--------+--------+--------+--------+--------+-----+--------+

Top non-repeatable levels by time:
     D:2: 1233 daAuts
     D:1: 878 daAuts
     D:3: 149 daAuts
